 Dungeon Crawl Stone Soup version 0.31-a0-983-g7b6862f502 (webtiles) character file.

Game seed: 9719658540571258305

202 avis the Ducker (level 5, 24/24 HPs)
             Began as a Felid Shapeshifter on Nov 2, 2023.
             Got out of the dungeon alive.
             The game lasted 00:12:56 (2444 turns).

avis the Ducker (Felid Shapeshifter)                Turns: 2444, Time: 00:12:57

Health: 24/24      AC:  1    Str: 10    XL:     5   Next: 50%
Magic:  6/6        EV: 19    Int: 11    God:
Gold:   99         SH:  0    Dex: 18    Spells: 4/4 levels left
                                        Lives:  1   Deaths: 1

rFire   . .          .
                       - Unarmed
rCold   . . .        (shield unavailable)
rNeg    . . .        (body armour unavailable)
rPois   .            (helmet unavailable)
rElec   .            (cloak unavailable)
rCorr   .            (gloves unavailable)
SInv    +            (boots unavailable)
Will    .....        (no amulet)
Stlth   ++           (no ring)
HPRegen 0.24/turn    (no ring)
MPRegen 0.10/turn

%: no passive effects
@: beast-form, quick
A: beast (slay +2), very small, claws 1, fangs 3, see invisible, speed 1, shaggy
fur 1, stealthy paws, no weapons or thrown items, no armour, multi-lived
a: Begin Untransformation


You escaped.
You were a hulking beast.
You visited 1 branch of the dungeon, and saw 3 of its levels.
You also visited: Sewer.

You collected 99 gold pieces.

Inventory:

Talismans
 b - a beast talisman
 c - a flux talisman
Scrolls
 e - a scroll of blinking {unknown}
 f - 7 scrolls of identify {unknown}
 k - a scroll of amnesia {unknown}
 n - a scroll of fear {unknown}
 o - a scroll of teleportation {unknown}
 r - a scroll of butterflies {unknown}
 s - a scroll of enchant armour {unknown}
 t - a scroll of revelation {unknown}
Potions
 a - a potion of lignification
 d - 2 potions of cancellation {unknown}
 g - 3 potions of haste {unknown}
 h - 5 potions of mutation {unknown}
 i - 3 potions of heal wounds {unknown}
 j - 2 potions of brilliance {unknown}
 l - 2 potions of curing {unknown}
 m - a potion of might {unknown}
 p - a potion of resistance {unknown}
 q - a potion of magic {unknown}
 u - a potion of attraction {unknown}


   Skills:
 - Level 3.0 Fighting
 - Level 5.0 Dodging
 - Level 3.0 Unarmed Combat
 * Level 4.7 Shapeshifting


You had 4 spell levels left.
You didn't know any spells.
Your spell library was empty.

Dungeon Overview and Level Annotations

Branches:
Dungeon (3/15)              Sewer (visited)

Altars:

Annotations:
D:3 Natasha


Innate Abilities, Weirdness & Mutations

You are a hulking beast.
Your limbs bulge with bestial killing power. (Slay +2)
You have sharp claws.
You have razor-sharp teeth.
You have supernaturally acute eyesight. (SInv)
You cover ground quickly. (Speed+)
You are covered in fur. (AC +1)
Your paws help you pounce on unaware monsters.
You are incapable of wielding weapons or throwing items.
You cannot wear armour.
You gain extra lives every three experience levels.


Message History

l - 2 emerald potions (gained 1)
Found a dagger.
You now have 99 gold pieces (gained 18).
As you open the door, it creaks loudly!
You hear an angry hiss.
Natasha, Servant of Life and Death comes into view.
Natasha hisses angrily.
Natasha mumbles some strange words.
The cerulean imp shouts!
You barely miss Natasha. Natasha casts a spell at you. The magic dart hits you!
The cerulean imp hits you from afar with a +2 spear.
You closely miss Natasha. Natasha barely misses you.
The cerulean imp hits you from afar with a +2 spear!
* * * LOW HITPOINT WARNING * * *
You scratch Natasha. You bite Natasha.
Natasha is heavily wounded.
Natasha completely misses you.
The cerulean imp hits you from afar with a +2 spear.
You die...
Your shape twists and changes as you die.
You rejoin the land of the living...
Found a scroll labelled DIT YNNAGUST.
As you open the door, it creaks loudly!
There is an open door here.
Things that are here:
a +0 mace; an orc skeleton
Found a ring mail.
You open the door.
There is an open door here.
There is a stone staircase leading up here.
You climb upwards.
There is a stone staircase leading down here.
What level of the Dungeon? (default 3, ? - help)
There is a stone staircase leading up here.
You climb upwards.
There is a stone staircase leading down here.
There is an open door here.
There is a staircase leading out of the dungeon here.
You have escaped!

.............[.......#
#####................#
#................#
#................#
#................#
#######'#######..##
#....)........#.##
#...##...##...###
#>..##...##..h#
#..........≈≈≈#
#.........≈≈≈≈#
#⌠.....⌠.≈≈≈≈⌠#
###############


There were no monsters in sight!

Vanquished Creatures
  A jelly (Sewer)
  6 adders
  2 river rats
  A worm (Sewer)
  5 dart slugs
  An orc (D:3)
  6 ball pythons
  3 bats
  15 endoplasms
  6 giant cockroaches
  5 hobgoblins (D:1)
  8 jackals
  5 kobolds
  A quokka (D:1)
  11 frilled lizards
  3 goblins (D:1)
  5 rats
84 creatures vanquished.

Notes
Turn   | Place    | Note
-------+----------+-------------------------------------------
     0 | D:1      | avis the Felid Shapeshifter began the quest for the Orb.
     0 | D:1      | Reached XP level 1. HP: 9/9 MP: 2/2
    83 | D:1      | Reached XP level 2. HP: 13/13 MP: 3/3
   132 | D:1      | Reached skill level 3 in Dodging
   355 | D:1      | Reached XP level 3. HP: 16/16 MP: 4/4
   399 | D:1      | Reached skill level 4 in Dodging
  1391 | D:3      | Reached XP level 4. HP: 21/21 MP: 5/5
  1748 | D:3      | Found a glowing drain.
  1753 | Sewer    | Entered a sewer
  1870 | Sewer    | Reached skill level 5 in Dodging
  1942 | Sewer    | Reached XP level 5. HP: 11/24 MP: 6/6
  2181 | Sewer    | Found a viscous altar of Jiyva.
  2301 | D:3      | Noticed Natasha
  2309 | D:3      | Slain by a cerulean imp
  2444 | D:$      | Got out of the dungeon alive.

Illustrated notes

Levels and vault maps discovered:
D:1:      amcnicky_arrival_flooded_fountain, layout_rooms
D:2:      layout_basic, dk_noncrumbling_4, minmay_tree_intersection,
          minmay_ruptured
D:3:      layout_basic, mainiacjoe_sewer_entry_somewhere_in_here_1,
          serial_shops, shop, nrook_uturn, uniq_natasha

Skill      XL: |  1  2  3  4  5 |
---------------+----------------+-----
Fighting       | 2 3 |  3.0
Dodging        | 3 4 5 |  5.0
Shapeshifting  | 4 |  4.7
Unarmed Combat | |  3.0

Action                     |  1- 3 |  4- 6 || total
---------------------------+-------+-------++-------
  Melee: Unarmed           |    94 |    97 ||   191
         Bite              |     8 |    11 ||    19
         Punch             |     2 |     2 ||     4
   Stab: Sleeping          |     5 |     3 ||     8
 Armour: Skin              |    21 |    22 ||    43
  Dodge: Dodged            |    52 |    61 ||   113

Table legend: (Time is in decaauts)
 A = Elapsed time spent in this place.
 B = Non-inter-level travel time spent in this place.
 C = Inter-level travel time spent in this place.
 D = Time resting spent in this place.
 E = Time spent auto-exploring this place.
 F = Levels seen in this place.
 G = Mean time per level.
                   A        B        C        D        E       F      G
               +--------+--------+--------+--------+--------+-----+--------+
         Total |   2096 |   1773 |    323 |    258 |    621 |   4 |  524.0 |
       Dungeon |   1642 |   1319 |    323 |     87 |    621 |   3 |  547.3 |
         Sewer |    453 |    453 |      0 |    171 |      0 |   1 |  453.0 |
               +--------+--------+--------+--------+--------+-----+--------+

Top non-repeatable levels by time:
     D:1: 669 daAuts
     D:2: 606 daAuts
   Sewer: 453 daAuts
     D:3: 366 daAuts
